 Dungeon Crawl Stone Soup version 0.29.0-4-gdea44cf6ec (webtiles) character file.

Game seed: 4242032716478726157

1421 qw the Cleaver (level 8, -7/70 HPs)
             Began as a Minotaur Berserker on Sept 9, 2022.
             Was a Priest of Trog.
             Mangled by an iguana (10 damage)
             ... on level 5 of the Dungeon.
             The game lasted 00:01:30 (5131 turns).

qw the Cleaver (Minotaur Berserker)                 Turns: 5131, Time: 00:01:31

Health: -7/70      AC:  7    Str: 24    XL:     8   Next: 44%
Magic:  6/6        EV: 10    Int:  4    God:    Trog [***...]
Gold:   125        SH:  0    Dex: 10    Spells: 7/7 levels left

rFire   + . .      SeeInvis .   Y - +1 hand axe
rCold   . . .      Faith    .   (no shield)
rNeg    . . .      Spirit   .   a - +0 scale mail
rPois   .          Reflect  .   (helmet restricted)
rElec   .          Harm     .   e - +0 cloak
rCorr   .          Rampage  .   (no gloves)
Will    .....                   (no boots)
Stlth   ..........              (no amulet)
HPRegen 0.21/turn               (no ring)
MPRegen 0.10/turn               (no ring)

@: confused, on berserk cooldown, slowed, very slow
A: horns 2, retaliatory headbutt, fire resistance 1, low MP 1, MP-powered wands
a: Renounce Religion, Berserk, Trog's Hand


You were on level 5 of the Dungeon.
You worshipped Trog.
Trog was most pleased with you.
You visited 1 branch of the dungeon, and saw 5 of its levels.

You collected 125 gold pieces.


Innate Abilities, Weirdness & Mutations

You have a pair of horns on your head.
You reflexively headbutt those who attack you in melee.
Your flesh is heat resistant. (rF+)
Your magical capacity is low. (-10% MP)
You expend magic power (3 MP) to strengthen your wands.


   Skills:
 - Level 6.1 Fighting
 + Level 10.3 Axes
 - Level 4.9 Throwing
 - Level 2.4 Armour
 - Level 2.1 Dodging


You had 7 spell levels left.
You didn't know any spells.
Your spell library was empty.

Inventory:

Hand Weapons
 f - a +2 flail of holy wrath
 Y - a +1 hand axe (weapon)
Missiles
 i - 18 boomerangs (quivered)
Armour
 a - a +0 scale mail (worn)
 e - a +0 cloak (worn)
 g - a +0 chain mail
Jewellery
 l - a ring of fire
Scrolls
 d - 2 scrolls of identify
Potions
 b - a potion of attraction {unknown}
 c - 3 potions of haste
 h - a potion of resistance
 j - a potion of magic {unknown}
 k - a potion of berserk rage {unknown}
 m - a potion of might {unknown}
 o - a potion of heal wounds {unknown}

Dungeon Overview and Level Annotations

Branches:
Dungeon (5/15)             Temple (0/1) D:4

Altars:
Hepliaklqana

Shops:
D:5 [


Message History

The magic dart hits you! The iguana bites you!
You hear some strange, mumbled words.
A magic dart appears from out of thin air!
The magic dart hits you. Something hits you but does no damage.
Things that are here:
a +0 dagger; a +0 robe; an orc corpse You barely miss something.
You closely miss something. You miss the iguana. The iguana misses you.
You hear some strange, mumbled words.
Something tries to affect you, but you resist.
You hear some strange, mumbled words.
A magic dart appears from out of thin air!
The magic dart hits you.
You bump into the rock wall.
The iguana closely misses you. Something hits you.
You hear some strange, mumbled words.
You are more confused.
You hit the iguana.
The iguana is lightly wounded.
You closely miss something. You miss something.
The iguana bites you but does no damage.
Something hits you but does no damage. x2
Something hits you but does no damage. The iguana barely misses you.
Something hits you. The iguana bites you.
Something hits you but does no damage. The iguana bites you!
You barely miss something. Your headbutt misses something.
You slash the iguana! You slash something!
The iguana bites you but does no damage.
Something hits you but does no damage. x2; The iguana bites you!
Something hits you but does no damage. x2
Something hits you but does no damage.
You hit the iguana but do no damage. Your headbutt misses the iguana.
The iguana is heavily wounded.
You closely miss something. The iguana bites you.
You barely miss something. Your headbutt misses something.
You hit something but do no damage. You barely miss the iguana.
The iguana bites you!
You die...

......##......#.....#....
..##...##................
.......##)...##.###......
............## .. #.....#
####.##)...## ....##.....
#....))...#.... #.#...
#............._ ...#...
#.......l###.......#.....
........@..##.....##.....
.......#....##...# ##..<.
.#.....#...## #. ##...
##.##.....# #... #..
....... .. .. #.......
........ ##........


You could see an iguana.

Vanquished Creatures
  Pikel (D:5)
  Sigmund (D:5)
  An ogre (D:4)
  3 lemures (D:5)
  A kobold brigand (D:5)
  A necrophage (D:5)
  2 hounds
  A jelly (D:4)
  3 orc priests
  Jessica (D:2)
  Natasha (thrice) (D:2)
  An iguana (D:4)
  5 orc wizards
  A mummy (D:4)
  4 adders
  3 worms
  5 dart slugs
  11 orcs
  5 ball pythons
  4 bats
  7 endoplasms
  3 giant cockroaches
  10 goblins
  6 hobgoblins
  8 jackals
  9 kobolds
  3 quokkas
  3 kobold zombies (D:4)
  An orc zombie (D:4)
  5 rats
112 creatures vanquished.

Notes
Turn   | Place    | Note
-------+----------+-------------------------------------------
     0 | D:1      | qw the Minotaur Berserker began the quest for the Orb.
     0 | D:1      | Reached XP level 1. HP: 19/19 MP: 0/0
     0 | D:1      | 0 ||| qw: Version: 0.1-a-113-g051387a
     0 | D:1      | 0 ||| qw: Game counter: 7194
     0 | D:1      | 0 ||| qw: Always use a shield: true
     0 | D:1      | 0 ||| qw: Do Orc after D:15 true
     0 | D:1      | 0 ||| qw: Do second Lair branch before Depths: true
     0 | D:1      | 0 ||| qw: Lair rune preference: random
     0 | D:1      | 0 ||| qw: Plans: Normal
     0 | D:1      | 0 ||| PLANNING D:1-11
    71 | D:1      | Reached skill level 4 in Axes
   135 | D:1      | Reached XP level 2. HP: 26/26 MP: 1/1
   136 | D:1      | 136 ||| Stepping ~*~*~tactically~*~*~ (hiding).
   359 | D:1      | Reached skill level 5 in Axes
   365 | D:1      | Reached XP level 3. HP: 18/31 MP: 2/2
   608 | D:1      | Reached ** piety under Trog
   826 | D:1      | 826 ||| UPGRADING to +0 cloak.
   831 | D:1      | 831 ||| READING scroll labelled IGOEFO RAMUJA.
   834 | D:1      | 834 ||| READING 2 scrolls labelled JEL PAF WEYLEO.
   835 | D:1      | 835 ||| READING scroll labelled XEHAUN DEROI.
   870 | D:2      | 870 ||| DROPPING +0 club.
  1208 | D:2      | Noticed Jessica
  1209 | D:2      | 1209 ||| Stepping ~*~*~tactically~*~*~ (hiding).
  1210 | D:2      | 1210 ||| Stepping ~*~*~tactically~*~*~ (hiding).
  1219 | D:2      | Killed Jessica
  1220 | D:2      | Reached skill level 6 in Axes
  1220 | D:2      | Reached XP level 4. HP: 17/39 MP: 3/3
  1223 | D:2      | HP: 8/39 [poisoned by Jessica]
  1228 | D:2      | HP: 4/39 [poisoned by Jessica]
  1715 | D:2      | Found a faded altar of an unknown god.
  1914 | D:2      | Noticed Natasha
  1915 | D:2      | 1915 ||| Stepping ~*~*~tactically~*~*~ (hiding).
  1917 | D:2      | 1917 ||| INVOKING Berserk.
  1918 | D:2      | 1918 ||| INVOKING Berserk.
  1920 | D:2      | Killed Natasha
  1940 | D:2      | Noticed Natasha
  1948 | D:2      | HP: 9/39 [Natasha (3)]
  1949 | D:2      | 1949 ||| READING scroll of teleportation.
  1950 | D:2      | Killed Natasha
  1951 | D:2      | Reached skill level 7 in Axes
  1951 | D:2      | Reached XP level 5. HP: 11/45 MP: 4/4
  2169 | D:2      | Noticed Natasha
  2170 | D:2      | 2170 ||| Stepping ~*~*~tactically~*~*~ (stealth).
  2173 | D:2      | 2173 ||| INVOKING Berserk.
  2175 | D:2      | Killed Natasha
  2536 | D:2      | 2536 ||| Stepping ~*~*~tactically~*~*~ (stealth).
  2538 | D:2      | 2538 ||| Stepping ~*~*~tactically~*~*~ (stealth).
  2702 | D:2      | 2702 ||| UPGRADING to +0 leather armour.
  2712 | D:2      | 2712 ||| DROPPING +0 animal skin.
  2713 | D:2      | 2713 ||| READING scroll labelled MUVERH CIFEAD.
  2714 | D:2      | 2714 ||| READING scroll labelled REOFYR YTHICITOTU.
  2736 | D:3      | 2736 ||| Stepping ~*~*~tactically~*~*~ (stealth).
  2737 | D:3      | 2737 ||| Stepping ~*~*~tactically~*~*~ (stealth).
  2741 | D:3      | 2741 ||| Stepping ~*~*~tactically~*~*~ (stealth).
  2743 | D:3      | 2743 ||| Stepping ~*~*~tactically~*~*~ (stealth).
  2777 | D:3      | 2777 ||| Stepping ~*~*~tactically~*~*~ (stealth).
  2779 | D:3      | 2779 ||| Stepping ~*~*~tactically~*~*~ (hiding).
  2781 | D:3      | 2781 ||| Stepping ~*~*~tactically~*~*~ (hiding).
  2784 | D:3      | 2784 ||| INVOKING Berserk.
  2966 | D:3      | 2966 ||| DROPPING +0 mace.
  3452 | D:3      | 3452 ||| UPGRADING to +0 scale mail.
  3462 | D:3      | 3462 ||| DROPPING +0 ring mail.
  3463 | D:3      | 3463 ||| DROPPING +0 leather armour.
  3464 | D:3      | 3464 ||| READING scroll labelled FECWUO HIZ PIBON.
  3465 | D:3      | 3465 ||| READING 3 scrolls of identify.
  3465 | D:3      | 3465 ||| IDENTIFYING metallic puce potion
  3466 | D:3      | 3466 ||| READING 2 scrolls of identify.
  3466 | D:3      | 3466 ||| IDENTIFYING coppery potion
  3467 | D:3      | 3467 ||| DROPPING potion of lignification.
  3556 | D:4      | 3556 ||| Stepping ~*~*~tactically~*~*~ (hiding).
  3561 | D:4      | 3561 ||| INVOKING Berserk.
  3569 | D:4      | Reached skill level 8 in Axes
  3569 | D:4      | Reached XP level 6. HP: 52/52 MP: 5/5
  3678 | D:4      | 3678 ||| DROPPING +0 flail.
  3839 | D:4      | Reached *** piety under Trog
  3846 | D:4      | 3846 ||| Stepping ~*~*~tactically~*~*~ (hiding).
  3848 | D:4      | 3848 ||| Stepping ~*~*~tactically~*~*~ (stealth).
  3914 | D:4      | 3914 ||| INVOKING Berserk.
  4035 | D:4      | 4035 ||| INVOKING Berserk.
  4177 | D:4      | Found a staircase to the Ecumenical Temple.
  4178 | D:4      | 4178 ||| Stepping ~*~*~tactically~*~*~ (hiding).
  4180 | D:4      | 4180 ||| INVOKING Berserk.
  4184 | D:4      | Reached skill level 9 in Axes
  4409 | D:4      | Reached XP level 7. HP: 49/60 MP: 6/6
  4683 | D:4      | 4683 ||| DROPPING ring of magical power.
  4684 | D:4      | 4684 ||| READING scroll labelled ECRU ANTUO.
  4685 | D:4      | 4685 ||| DRINKING 2 viscous orange potions.
  4685 | D:4      | Gained mutation: You occasionally lose the ability to read
                  | scrolls when taking damage. [potion of mutation]
  4685 | D:4      | Gained mutation: You have sharp fingernails. [potion of
                  | mutation]
  4686 | D:4      | 4686 ||| DRINKING potion of mutation.
  4686 | D:4      | Lost mutation: You occasionally lose the ability to read
                  | scrolls when taking damage. [potion of mutation]
  4686 | D:4      | Lost mutation: You have sharp fingernails. [potion of
                  | mutation]
  4686 | D:4      | Gained mutation: You have hidden genetic defects. [potion
                  | of mutation]
  4687 | D:4      | 4687 ||| DRINKING 2 puce potions.
  4705 | D:5      | Entered Level 5 of the Dungeon
  4710 | D:5      | 4710 ||| Stepping ~*~*~tactically~*~*~ (stealth).
  4715 | D:5      | Noticed Sigmund
  4718 | D:5      | 4718 ||| INVOKING Berserk.
  4737 | D:5      | Killed Sigmund
  4738 | D:5      | Reached skill level 10 in Axes
  4750 | D:5      | Gained mutation: You are frail. (-10% HP) [hidden defects]
  4819 | D:5      | 4819 ||| DRINKING potion of mutation.
  4819 | D:5      | Lost mutation: You have hidden genetic defects. [potion of
                  | mutation]
  4819 | D:5      | Lost mutation: You are frail. (-10% HP) [potion of
                  | mutation]
  4819 | D:5      | Gained mutation: Your magical capacity is low. (-10% MP)
                  | [potion of mutation]
  4819 | D:5      | Gained mutation: You expend magic power (3 MP) to
                  | strengthen your wands. [potion of mutation]
  4819 | D:5      | Gained mutation: Your flesh is heat resistant. (rF+)
                  | [potion of mutation]
  4865 | D:5      | Noticed Pikel
  4866 | D:5      | 4866 ||| Stepping ~*~*~tactically~*~*~ (stealth).
  4882 | D:5      | 4882 ||| INVOKING Berserk.
  4887 | D:5      | Killed Pikel
  4888 | D:5      | Reached XP level 8. HP: 69/69 MP: 6/6
  4966 | D:5      | Found Guguved's Antique Armour Shoppe.
  4969 | D:5      | 4969 ||| SHOPLISTING runed scarf (232 gold, have 105).
  4969 | D:5      | 4969 ||| SHOPLISTING shiny ring mail (203 gold, have 105).
  4969 | D:5      | 4969 ||| SHOPLISTING slimy chain mail (275 gold, have 105).
  5010 | D:5      | 5010 ||| Stepping ~*~*~tactically~*~*~ (stealth).
  5013 | D:5      | 5013 ||| DRINKING potion of curing.
  5013 | D:5      | 5013 ||| (to cure confusion)
  5014 | D:5      | 5014 ||| Stepping ~*~*~tactically~*~*~ (hiding).
  5078 | D:5      | Reached skill level 6 in Fighting
  5099 | D:5      | 5099 ||| Stepping ~*~*~tactically~*~*~ (hiding).
  5105 | D:5      | 5105 ||| INVOKING Berserk.
  5120 | D:5      | Found a hazy altar of Hepliaklqana.
  5127 | D:5      | HP: 13/70 [iguana (8)]
  5128 | D:5      | HP: 5/70 [iguana (8)]
  5131 | D:5      | Mangled by an iguana

Levels and vault maps discovered:
D:1:      dpeg_arrival_ternary, layout_basic
D:2:      layout_loops_corners, shapermc_ecumenical_altar_notcrosses,
          minmay_misc_feat_room, uniq_natasha, uniq_jessica
D:3:      layout_loops_ring
D:4:      layout_loops_cross, minmay_temple_entry_proselytizer, serial_glass,
          glass_columns_a, glass_columns_b, grunt_decor_cap, minmay_mini_ossuary
D:5:      layout_cave_pools, lemuel_round_altar, serial_shops,
          kennysheep_mini_moat, minmay_guarded_unrand_staff_of_olgreb,
          uniq_pikel, uniq_sigmund

Skill      XL: |  1  2  3  4  5  6  7  8 |
---------------+-------------------------+-----
Axes           | 4 5 6 7 8 9 10 | 10.3
Fighting       | 4 5 6 |  6.1
Throwing       | 4 |  4.9
Armour         | |  2.4
Dodging        | |  2.1

Action                   |  1- 3 |  4- 6 |  7- 9 || total
-------------------------+-------+-------+-------++-------
Melee: Hand axe          |    70 |   115 |    73 ||   258
       Headbutt          |     9 |    20 |    10 ||    39
       Punch             |       |       |     1 ||     1
Throw: Boomerang         |     5 |    39 |    25 ||    69
Invok: Berserk           |       |     7 |     3 ||    10
  Use: Scroll            |     3 |     6 |     1 ||    10
       Potion            |       |       |     5 ||     5
Armor: Animal skin       |    12 |     3 |       ||    15
       Leather armour    |       |     8 |       ||     8
       Scale mail        |       |     7 |    37 ||    44
Dodge: Dodged            |    32 |    38 |    18 ||    88

Table legend:
 A = Non-vault XP
 B = Vault XP
 C = Vault XP percentage of total XP
 D = Non-vault monster count
 E = Vault monster count
 F = Vault count percentage of total count
                 A         B        C        D         E       F
            +---------+---------+-------+---------+---------+-------
      Total |    1032 |     998 |  49.2 |      99 |      10 |   9.2
            +---------+---------+-------+---------+---------+-------
        D:1 |      60 |       0 |   0.0 |      30 |       0 |   0.0
        D:2 |     126 |      74 |  37.0 |      17 |       2 |  10.5
        D:3 |      74 |       0 |   0.0 |      14 |       0 |   0.0
        D:4 |     355 |      60 |  14.5 |      18 |       6 |  25.0
        D:5 |     417 |     864 |  67.4 |      20 |       2 |   9.1
            +---------+---------+-------+---------+---------+-------
